 Dungeon Crawl Stone Soup version 0.27.1-34-g3ba077fa99 (webtiles) character file.

Game seed: 5336423395838618337

16 cbfl8 the Sneak (level 2, -2/27 HPs)
             Began as a Minotaur Delver on Jan 17, 2022.
             Succumbed to a scorpion's poison
             ... on level 5 of the Dungeon.
             The game lasted 00:00:32 (123 turns).

cbfl8 the Sneak (Minotaur Delver)                    Turns: 123, Time: 00:00:33

Health: -2/27      AC:  8    Str: 16    XL:     2   Next: 41%
Magic:  1/1        EV:  7    Int:  7    God:
Gold:   16         SH:  0    Dex: 11    Spells: 1/1 levels left

rFire    . . .     SeeInvis .   a - +0 hand axe
rCold    . . .     Faith    .   (no shield)
rNeg     . . .     Spirit   .   i - +0 chain mail
rPois    .         Reflect  .   (helmet restricted)
rElec    .         Harm     .   (no cloak)
rCorr    .         Rampage  .   (no gloves)
Will     .....                  (no boots)
Stlth    ..........             (no amulet)
HPRegen  0.09/turn              (no ring)
MPRegen  0.07/turn              (no ring)

@: lethally poisoned (-2 -> -13)
A: horns 2, retaliatory headbutt
a: no special abilities


You were on level 5 of the Dungeon.
You visited 1 branch of the dungeon, and saw 1 of its levels.

You collected 16 gold pieces.

Inventory:

Hand Weapons
 a - a +0 hand axe (weapon)
Armour
 b - a +0 leather armour
 i - a +0 chain mail (worn)
Wands
 g - a wand of digging (3)
Scrolls
 c - a scroll of fog
 d - a scroll of magic mapping
 e - a scroll of fear
 h - 2 scrolls of identify {unknown}
Potions
 f - a potion of haste


   Skills:
 + Level 3.8 Fighting
 + Level 2.5 Axes
 + Level 2.2 Dodging
 + Level 4.5 Stealth


You had one spell level left.
You didn't know any spells.
Your spell library was empty.

Dungeon Overview and Level Annotations

Branches:
Dungeon (5/15)
 Temple: D:4-7

Altars:


Innate Abilities, Weirdness & Mutations

You have a pair of horns on your head.
You reflexively headbutt those who attack you in melee.


Message History

Unknown command.
You hit the scorpion.
The scorpion is lightly wounded.
The scorpion stings you. The scorpion closely misses you.
Unknown command.
You hit the scorpion but do no damage. You headbutt the scorpion.
The scorpion is moderately wounded.
The scorpion barely misses you.
Unknown command.
You closely miss the scorpion.
The scorpion is moderately wounded.
The scorpion stings you but does no damage.
You closely miss the scorpion.
The scorpion is moderately wounded.
The scorpion stings you.
You are poisoned.
The scorpion poisons you! The scorpion stings you.
You are more poisoned.
The scorpion poisons you!
Unknown command.
You hit the scorpion but do no damage. You headbutt the scorpion.
The scorpion is heavily wounded.
You feel extremely sick. The scorpion barely misses you.
You furiously retaliate!
You headbutt the scorpion. You hit the scorpion. You headbutt the scorpion.
The scorpion is severely wounded.
* * * LOW HITPOINT WARNING * * *
You feel very sick. The scorpion closely misses you. x2
Unknown command.
You closely miss the scorpion.
The scorpion is severely wounded.
* * * LOW HITPOINT WARNING * * *
You feel very sick.
The scorpion stings you but does no damage.
Unknown command.
You hit the scorpion but do no damage.
The scorpion is severely wounded.
You die...

##### ######### #....
^.......# #... ........#
#..#### ........#
#...).# ###...### #....
# ###.# ##..######
#####.#########s@......#
................)......#
...........#####....####
............# ##.......
.......(....# #......
............# #...##
............# .....
....#####...# #..!.
.....## ....# ....


You could see a scorpion.

Vanquished Creatures
  A hound zombie (D:5)
  An orc (D:5)
2 creatures vanquished.

Notes
Turn   | Place    | Note
-------+----------+-------------------------------------------
     0 | D:5      | cbfl8 the Minotaur Delver began the quest for the Orb.
     0 | D:5      | Reached XP level 1. HP: 19/19 MP: 0/0
    43 | D:5      | Noticed an ogre
   109 | D:5      | Reached XP level 2. HP: 25/27 MP: 1/1
   110 | D:5      | Noticed a scorpion
   122 | D:5      | HP: 1/27 [poisoned by a scorpion]
   123 | D:5      | Succumbed to a scorpion's poison

Illustrated notes

Levels and vault maps discovered:
D:5:      layout_rooms, grunt_ministairs_4, hangedman_abyss_or_decor_stagger,
          nicolae_specific_store, corexii_shack, mrwooster_statue_mirror,
          corner_web_ring, moated_statue, minmay_statues_item,
          chequers_decorated_corner, chequers_serial_rivers_micro_a,
          dk_rats_in_the_wall, uniq_grinder

Action                   || total
-------------------------++-------
Melee: Hand axe          ||    15
       Headbutt          ||     5
Armor: Chain mail        ||    10
Dodge: Dodged            ||     8
